 Dungeon Crawl Stone Soup version 0.22.0-75-g3901e79 (webtiles) character file.

285 Fang the Chopper (level 6, 0/38 HPs)
             Began as a Gargoyle Berserker on Sept 11, 2018.
             Was a Priest of Trog.
             Slain by an orc priest
             ... wielding a +0 whip of holy wrath
              (4 damage)
             ... on level 3 of the Dungeon.
             The game lasted 00:03:42 (1929 turns).

Fang the Chopper (Gargoyle Berserker)               Turns: 1929, Time: 00:03:43

Health: 0/38       AC:  6    Str: 23    XL:     6   Next: 29%
Magic:  6/6        EV: 12    Int:  7    God:    Trog [***...]
Gold:   175        SH:  0    Dex:  9    Spells: 5/5 levels left

rFire    . . .     SeeInvis .   h - +2 hand axe (chop)
rCold    . . .     Gourm    .   (no shield)
rNeg     + . .     Faith    .   b - +0 animal skin
rPois    ∞         Spirit   .   (no helmet)
rElec    +         Reflect  .   (no cloak)
rCorr    .         Harm     .   (no gloves)
MR       .....                  (no boots)
Stlth    +.........             f - amulet of regeneration
HPRegen  0.52/turn              (no ring)
MPRegen  0.10/turn              (no ring)

@: confused, berserk cooldown, slowed, very slow
A: negative energy resistance 1, electricity resistance, unbreathing,
petrification resistance, rot immunity, AC +4
a: Berserk, Trog's Hand, Renounce Religion


You were on level 3 of the Dungeon.
You worshipped Trog.
Trog was most pleased with you.
You were near starving.

You visited 1 branch of the dungeon, and saw 3 of its levels.

You collected 175 gold pieces.

Inventory:

Hand Weapons
 a - a +0 hand axe
 h - a +2 hand axe of chopping (weapon)
Armour
 b - a +0 animal skin (worn)
Jewellery
 f - an amulet of regeneration (around neck)
Scrolls
 e - 5 scrolls of identify {unknown}
 g - a scroll of fear {unknown}
 m - a scroll of enchant armour {unknown}
 n - a scroll of amnesia {unknown}
Potions
 d - a potion of mutation {unknown}
 i - a potion of ambrosia {unknown}
 j - a potion of brilliance {unknown}
 k - 2 potions of degeneration {unknown}
 l - a potion of curing
Comestibles
 c - 10 rations


   Skills:
 + Level 4.2 Fighting
 + Level 4.7 Axes
 + Level 2.4 Armour
 + Level 2.9 Dodging
 + Level 1.5 Stealth


You had 5 spell levels left.
You didn't know any spells.
Your spell library was empty.

Dungeon Overview and Level Annotations

Branches:
Dungeon (3/15)

Altars:
Ashenzari
Gozag


Innate Abilities, Weirdness & Mutations

You are resistant to torment.
Your stone body is resilient. (AC +4)
You are immune to poison.
You resist negative energy. (rN+)
You are resistant to electric shocks. (rElec)
You can survive without breathing.
You are immune to petrification.
You are immune to rotting.


Message History

The orc priest invokes the aid of Beogh against you.
Pain shoots through your body!
* * * LOW HITPOINT WARNING * * *
You hear some strange, mumbled words.
You are more confused.
The orc barely misses you.
You hear some strange, mumbled words.
A puff of flame appears from out of thin air!
The puff of flame misses you.
You're too confused!
The orc priest hits you but does no damage.
You see here a whip.
The orc priest hits you with a whip of holy wrath.
* * * LOW HITPOINT WARNING * * *
Items here: )) [[ † a dagger; a robe; a hand axe; a scale mail; an orc corpse Unknown command.
You are near starving!
The orc priest hits you with a whip of holy wrath.
You die...

#).........#.........##.....#
................###'###.###.#
###...............#.# #.# ###
#.###########..##.# #.# #.#
###..##.###.# #.#
#....#......# #.#
#....#..###### #.#
#..............
#...@)######### #...#o)#
#...#gS## #...#o).# #...##††#
#... ...# #........#
........)# ##...#.#


You could see an orc priest, an orc, a hobgoblin and a ball python.

Vanquished Creatures
  An orc warrior (D:3)
  2 orc wizards (D:3)
  Terence (D:3)
  3 adders (D:3)
  2 worms
  A dart slug (D:2)
  3 leopard geckos (D:3)
  5 orcs (D:3)
  5 giant cockroaches
  3 goblins
  12 hobgoblins
  5 jackals
  A quokka (D:3)
  9 bats
  4 frilled lizards
  6 kobolds
  9 rats
72 creatures vanquished.

Notes
Turn   | Place    | Note
-------+----------+-------------------------------------------
     0 | D:1      | Fang the Gargoyle Berserker began the quest for the Orb.
     0 | D:1      | Reached XP level 1. HP: 14/14 MP: 1/1
    59 | D:1      | Reached XP level 2. HP: 16/19 MP: 2/2
   574 | D:1      | Reached XP level 3. HP: 24/24 MP: 3/3
   926 | D:2      | Found a shattered altar of Ashenzari.
   938 | D:2      | Reached ** piety under Trog
  1533 | D:3      | Reached XP level 4. HP: 24/29 MP: 4/4
  1596 | D:3      | Noticed Terence
  1618 | D:3      | Killed Terence
  1692 | D:3      | Found an opulent altar of Gozag.
  1881 | D:3      | Reached XP level 5. HP: 29/33 MP: 5/5
  1898 | D:3      | Reached skill level 1 in Stealth
  1901 | D:3      | Noticed an orc warrior
  1913 | D:3      | Killed an orc warrior
  1913 | D:3      | Reached XP level 6. HP: 29/38 MP: 6/6
  1919 | D:3      | Reached *** piety under Trog
  1929 | D:3      | Slain by an orc priest

Skill      XL: |  1  2  3  4  5 |
---------------+----------------+-----
Axes           | 3 4 |  4.7
Dodging        | 2 |  2.9
Stealth        | 1 |  1.5
Fighting       | 4 |  4.2
Armour         | |  2.4

Action                   |  1- 3 |  4- 6 || total
-------------------------+-------+-------++-------
Melee: Hand axe          |   121 |    91 ||   212
Invok: Berserk           |       |     1 ||     1
 Stab: Sleeping          |       |     2 ||     2
  Eat: Chunk             |     2 |     1 ||     3
Armor: Animal skin       |    47 |    28 ||    75
Dodge: Dodged            |    83 |    66 ||   149
